 Dungeon Crawl Stone Soup version 0.28-a0-957-g42eb19b844 (webtiles) character file.

Game seed: 9044598794437883582

90260 browni3141 the Blocker (level 15, -1/125 HPs)
             Began as a Demigod Fighter on Dec 1, 2021.
             Slain by a spark wasp (21 damage)
             ... on level 4 of the Spider Nest.
             The game lasted 00:45:50 (26745 turns).

browni3141 the Blocker (Demigod Fighter)           Turns: 26745, Time: 00:45:51

Health: -1/125     AC: 23    Str: 55    XL:     15   Next: 11%
Magic:  18/18      EV: 14    Int: 10    God:
Gold:   1161       SH: 14    Dex: 13    Spells: 14/14 levels left

rFire   + . .      SeeInvis +   g - +8 demon blade of the Walnut {flame, Fragile Fly rElec rC++}
rCold   . . .      Faith    .   t - +2 kite shield
rNeg    . . .      Spirit   .   Q - +0 plate armour
rPois   .          Reflect  .   C - +2 helmet {SInv}
rElec   +          Harm     .   m - scarf {repulsion}
rCorr   .          Rampage  .   S - +0 pair of gloves
Will    +....                   a - +1 pair of boots "Lesargh" {rC- Str+9 Dex-2}
Stlth   ..........              s - amulet of magic regeneration
HPRegen 0.30/turn               f - +6 ring of strength
MPRegen 0.56/turn               b - ring "Fazxef" {Fire Str+3 Dex+2}

@: marked, flying, repel missiles
A: high mp 1, forlorn
a: no special abilities


You were on level 4 of the Spider Nest.
You visited 3 branches of the dungeon, and saw 19 of its levels.
You visited the Abyss 1 time.
You also visited: Bailey.

You collected 2826 gold pieces.
You spent 1665 gold pieces at shops.

Inventory:

Hand Weapons
 g - the +8 demon blade of the Walnut (weapon) {flame, Fragile Fly rElec rC++}
   (You acquired it on level 2 of the Dungeon)

   It burns those it strikes, dealing additional fire damage.
   Big, fiery blades are also staple armaments of hydra-hunters.
   rC:        It greatly protects you from cold.
   rElec:     It insulates you from electricity.
   Fly:       It grants you flight.
   Fragile:   It will be destroyed if unequipped.
Missiles
 o - 59 poisoned darts
 z - 87 boomerangs (quivered)
 I - 10 curare-tipped darts
 V - 4 throwing nets
Armour
 a - the +1 pair of boots "Lesargh" (worn) {rC- Str+9 Dex-2}
   (You found it on level 2 of the Spider Nest)

   Str:       It affects your strength (+9).
   Dex:       It affects your dexterity (-2).
   rC:        It makes you vulnerable to cold.
 m - a scarf of repulsion (worn)
 t - a +2 kite shield (worn)
 C - a +2 helmet of see invisible (worn)
 G - the +3 helmet of Wu Jian {rElec rPois}
   (You found it on level 5 of the Dungeon)

   rElec:     It insulates you from electricity.
   rPois:     It protects you from poison.
 Q - a +0 plate armour (worn)
 S - a +0 pair of gloves (worn)
 X - a +0 pair of boots
Jewellery
 b - the ring "Fazxef" (right hand) {Fire Str+3 Dex+2}
   (You acquired it on level 3 of the Lair of Beasts)

   [ring of fire]

   It enhances your fire magic.
   Str:       It affects your strength (+3).
   Dex:       It affects your dexterity (+2).
   rF:        It protects you from fire.
   rC:        It makes you vulnerable to cold.
 c - a ring of ice
 f - a +6 ring of strength (left hand)
 i - a ring of resist corrosion
 s - an amulet of magic regeneration (around neck)
 M - a ring of wizardry
Wands
 k - a wand of paralysis (21)
 p - a wand of charming (5)
 y - a wand of iceblast (19)
 O - a wand of polymorph (10)
Scrolls
 e - a scroll of brand weapon
 l - 5 scrolls of noise
 n - 2 scrolls of silence
 q - 3 scrolls of enchant armour
 r - 7 scrolls of fear
 v - 2 scrolls of amnesia
 w - 12 scrolls of teleportation
 A - 6 scrolls of vulnerability
 B - 5 scrolls of fog
 E - 5 scrolls of magic mapping
 H - 5 scrolls of identify
 J - a scroll of blinking
 K - a scroll of holy word
 L - 4 scrolls of immolation
 P - a scroll of summoning
Potions
 d - a potion of might
 h - 11 potions of mutation
 j - 3 potions of brilliance
 u - 4 potions of haste
 D - 3 potions of invisibility
 F - 2 potions of lignification
 N - 2 potions of attraction
 R - a potion of ambrosia
 T - 2 potions of cancellation
 U - a potion of magic {unknown}
 W - 2 potions of heal wounds
 Y - a potion of berserk rage {unknown}
 Z - a potion of resistance {unknown}


   Skills:
 + Level 9.4 Fighting
 * Level 13.1 Long Blades
 * Level 3.3 Throwing
 * Level 11.9 Armour
 * Level 11.6 Dodging
 * Level 13.1 Shields


You had 14 spell levels left.
You didn't know any spells.
Your spell library contained the following spells:

 Spells                   Type           Power      Damage    Failure   Level
 Beastly Appendage        Tmut           0%         N/A       80%         1
 Foxfire                  Conj/Fire      0%         2x1d4     80%         1
 Freeze                   Ice            0%         1d3       80%         1
 Magic Dart               Conj           0%         1d3       80%         1
 Sandblast                Erth           0%         2d4       80%         1
 Call Imp                 Summ           0%         N/A       91%         2
 Corpse Rot               Necr/Air       0%         N/A       91%         2
 Ensorcelled Hibernation  Hex/Ice        0%         N/A       91%         2
 Passwall                 Tmut/Erth      0%         N/A       91%         2
 Poisonous Vapours        Pois/Air       0%         N/A       91%         2
 Sublimation of Blood     Necr           0%         N/A       91%         2
 Wereblood                Tmut           0%         N/A       91%         2
 Conjure Flame            Conj/Fire      0%         6-21      99%         3
 Frozen Ramparts          Ice            0%         1d2       99%         3
 Inner Flame              Hex/Fire       0%         N/A       99%         3
 Mephitic Cloud           Conj/Pois/Air  0%         N/A       99%         3
 Ozocubu's Armour         Ice            0%         N/A       99%         3
 Spider Form              Tmut/Pois      0%         N/A       99%         3
 Stone Arrow              Conj/Erth      0%         3d7       99%         3
 Flame Wave               Conj/Fire      0%         2d4       100%        4
 Hailstorm                Conj/Ice       0%         3d3       100%        4
 Iskenderun's Battlesphe  Conj           0%         2d6       100%        5
 Iron Shot                Conj/Erth      0%         9d1       100%        6
 Ozocubu's Refrigeration  Ice            0%         4d5       100%        7
 Spellforged Servitor     Conj/Summ      0%         N/A       100%        7
 Summon Hydra             Summ           0%         N/A       100%        7


Dungeon Overview and Level Annotations

Branches:
Dungeon (11/15)            Temple (0/1) D:7            Lair (4/6) D:11
 Spider (4/4) Lair:4          Orc (0/2) D:10         Bailey (visited)
  Swamp: Lair:2-4    Shoals: Lair:2-4

Shops:
D:6 *   D:11 ?


Innate Abilities, Weirdness & Mutations

Your attributes grow dramatically as you level up.
You have an increased reservoir of magic. (+10% MP)
You shall have no god before yourself.


Message History

* * * LOW HITPOINT WARNING * * *
Unknown command.
You closely miss the spark wasp.
The spark wasp is heavily wounded.
You block the spark wasp's attack.
You hit the spark wasp. You burn the spark wasp.
The spark wasp is heavily wounded.
You block the redback's attack.
The spark wasp stings you but does no damage.
You hit the spark wasp but do no damage.
The spark wasp is heavily wounded.
You block the redback's attack. The spark wasp closely misses you.
You miss the spark wasp.
The spark wasp is heavily wounded.
The redback bites you.
* * * LOW HITPOINT WARNING * * *
You are lethally poisoned!
The redback poisons you! The spark wasp barely misses you.
Unknown command.
You feel better.
The redback bites you but does no damage.
The spark wasp misses you.
A redback comes into view. x2
The redback bites you but does no damage.
You block the spark wasp's attack.
You slice the spark wasp!! You burn the spark wasp!
The spark wasp is almost dead.
You block the redback's attack. The spark wasp misses you.
You barely miss the spark wasp.
The spark wasp is almost dead.
You block the redback's attack. The spark wasp stings you!
* * * LOW HITPOINT WARNING * * *
The spark wasp shocks you. You resist.
* * * LOW HITPOINT WARNING * * *
Unknown command.
You hit the spark wasp. You burn the spark wasp.
The spark wasp is almost dead.
The redback bites you but does no damage.
The spark wasp stings you!!
You die...

#...#..............^
#...................
#...^/..........####
#..............##..#
#..............#....
##.....<.............
#.......†.........^..
#..^.†............... .##
##...@................ .≈≈#
#...ys..........#..(.. ..^.#
#.....................
....≈###.s...................
≈......s..................<..
.^≈....'........^............
#...'........^............
#≈###....^................
#................^....


You could see a spark wasp and 3 redbacks.

Vanquished Creatures
  3 tentacled starspawn (Abyss:2)
  2 ghost moths
  Louise (Spider:3)
  An emperor scorpion (Spider:2)
  A spark wasp (Spider:2)
  7 entropy weavers
  8 hydras
  5 boulder beetles
  Erolcha (D:10)
  The ghost of jejorda2 the Carver, a journeyman PaBe of Trog (Lair:1)
  3 wretched stars (Abyss:2)
  A lindwurm (Lair:4)
  A large abomination (Abyss:2)
  15 orb spiders
  18 wolf spiders
  A worldbinder (Abyss:2)
  A manticore (D:11)
  A spriggan zombie (Abyss:2)
  A black mamba (Lair:1)
  An eye of devastation (Abyss:2)
  A gargoyle (D:11)
  4 smoke demons (Abyss:2)
  A torpor snail (Spider:2)
  Maggie (D:7)
  6 cane toads
  A rime drake (Lair:1)
  9 demonic crawlers
  11 komodo dragons
  3 kobold demonologists
  An ancient zyme (Abyss:2)
  47 jumping spiders
  2 trolls
  2 raiju (Abyss:2)
  3 hornets
  5 polar bears
  61 redbacks
  24 tarantellas
  3 wyverns
  A wraith (D:11)
  33 yaks
  2 basilisks
  A vampire (D:11)
  3 ynoxinuls (Abyss:2)
  3 vampire mosquitoes (D:10)
  Menkaure (D:4)
  2 wargs (D:11)
  An acid dragon (D:10)
  A swamp worm (Lair:4)
  11 water moccasins
  A swamp drake (D:10)
  3 ice beasts
  A sky beast (D:6)
  5 orc warriors
  A hornet zombie (D:8)
  8 black bears
  A necrophage (D:8)
  6 wolves (Lair:4)
  6 centaurs
  7 ogres
  A phantom (D:6)
  7 kobold brigands
  12 bullfrogs
  A wyvern zombie (D:8)
  4 scorpions
  3 small abominations (Abyss:2)
  15 killer bees
  3 wights (D:7)
  5 howler monkeys
  An electric eel (D:9)
  A crimson imp (Abyss:2)
  4 centaur zombies
  2 jellies
  2 bullfrog skeletons
  10 orc priests
  2 hounds (D:5)
  3 gnoll shamans
  8 orc wizards
  4 iguanas
  A killer bee zombie (D:8)
  27 gnolls
  A howler monkey skeleton (D:5)
  14 adders
  A shadow imp (Abyss:2)
  3 dart slugs
  28 orcs
  4 ball pythons
  5 bats
  10 endoplasms
  4 giant cockroaches (D:1)
  8 goblins
  26 hobgoblins
  10 jackals (D:2)
  3 quokkas
  A frilled lizard (D:3)
  28 kobolds
  5 rats
  2 starspawn tentacles (Abyss:2)
625 creatures vanquished.

Vanquished Creatures (others)
  A ghost moth (Spider:2)
  An orc (D:10)
  5 fungi (Lair:4)
  24 plants
  3 starspawn tentacles (Abyss:2)
34 creatures vanquished.

Grand Total: 659 creatures vanquished

Notes
Turn   | Place    | Note
-------+----------+-------------------------------------------
     0 | D:1      | browni3141 the Demigod Fighter began the quest for the Orb.
     0 | D:1      | Reached XP level 1. HP: 18/18 MP: 3/3
   242 | D:1      | Reached XP level 2. HP: 23/26 MP: 4/4
   379 | D:1      | You fall into a shaft and drop 1 floor!
  1472 | D:2      | Reached XP level 3. HP: 31/33 MP: 5/5
  1770 | D:2      | Identified 2 scrolls of acquirement
  1770 | D:2      | Acquired 1145 gold pieces
  1772 | D:2      | Acquired the +8 demon blade of the Walnut {flame, Fragile
                  | Fly rElec rC++}
  1810 | D:2      | Reached XP level 4. HP: 41/41 MP: 6/6
  2282 | D:3      | Found a large runed translucent door.
  2282 | D:3      | Found a large runed translucent door.
  2962 | D:4      | Reached XP level 5. HP: 41/47 MP: 7/7
  3001 | D:4      | Noticed an ogre
  3007 | D:4      | Killed an ogre
  3201 | D:4      | Reached XP level 6. HP: 24/53 MP: 8/8
  3777 | D:4      | Noticed Menkaure
  3782 | D:4      | Killed Menkaure
  3911 | D:4      | Reached XP level 7. HP: 28/60 MP: 9/9
  4375 | D:5      | Entered Level 5 of the Dungeon
  4428 | D:5      | Reached skill level 5 in Long Blades
  4428 | D:5      | Reached skill level 5 in Shields
  4503 | D:5      | Found Naocump's Magic Scroll Boutique.
  4512 | D:5      | Bought a scroll of noise for 13 gold pieces
  4512 | D:5      | Bought a scroll of fog for 26 gold pieces
  4512 | D:5      | Bought a scroll of identify for 26 gold pieces
  4512 | D:5      | Bought a scroll of teleportation for 39 gold pieces
  4512 | D:5      | Bought a scroll of vulnerability for 97 gold pieces
  4512 | D:5      | Bought a scroll of acquirement for 676 gold pieces
  4512 | D:5      | Bought a scroll of teleportation for 39 gold pieces
  4512 | D:5      | Bought a scroll of fear for 45 gold pieces
  4512 | D:5      | Bought a scroll of magic mapping for 45 gold pieces
  4513 | D:5      | Acquired a +1 helmet of see invisible
  4832 | D:5      | Identified the +3 helmet of Wu Jian {rElec rPois}
  5017 | D:5      | Reached XP level 8. HP: 67/67 MP: 10/10
  5243 | D:6      | Reached skill level 1 in Dodging
  6073 | D:6      | Found Taod's Assorted Antiques.
  6130 | D:7      | Noticed Maggie
  6145 | D:7      | Killed Maggie
  6343 | D:7      | Found a staircase to the Ecumenical Temple.
  6372 | D:7      | Reached skill level 5 in Fighting
  6517 | D:7      | Reached XP level 9. HP: 69/74 MP: 11/11
  7619 | D:7      | Reached skill level 5 in Armour
  9159 | D:9      | Reached XP level 10. HP: 77/83 MP: 13/13
  9233 | D:9      | Reached skill level 5 in Dodging
 10857 | D:10     | Entered Level 10 of the Dungeon
 11104 | D:10     | Noticed Erolcha
 11121 | D:10     | Found a flagged portal.
 11199 | D:10     | Reached XP level 11. HP: 58/90 MP: 14/14
 11335 | Bailey   | Entered a bailey
 12330 | D:10     | Found a staircase to the Orcish Mines.
 12396 | D:10     | Acquired 483 gold pieces
 12643 | D:10     | Killed Erolcha
 13090 | D:11     | Found Uvvynk's Magic Scroll Shop.
 13123 | D:11     | Bought 3 scrolls of teleportation for 135 gold pieces
 13123 | D:11     | Bought 3 scrolls of fear for 157 gold pieces
 13123 | D:11     | Bought a scroll of teleportation for 45 gold pieces
 13123 | D:11     | Bought a scroll of identify for 30 gold pieces
 13123 | D:11     | Bought a scroll of teleportation for 45 gold pieces
 13123 | D:11     | Bought a scroll of fog for 30 gold pieces
 13123 | D:11     | Bought a scroll of identify for 30 gold pieces
 13123 | D:11     | Bought a scroll of identify for 30 gold pieces
 13123 | D:11     | Bought a scroll of teleportation for 45 gold pieces
 13123 | D:11     | Bought a scroll of blinking for 112 gold pieces
 13305 | D:11     | Found a staircase to the Lair.
 13552 | Lair:1   | Entered Level 1 of the Lair of Beasts
 13552 | Lair:1   | Noticed a six-headed hydra
 13556 | Lair:1   | Killed a two-headed hydra
 14042 | Lair:1   | Reached skill level 10 in Shields
 14079 | Lair:1   | Reached skill level 10 in Long Blades
 14254 | Lair:1   | Found a runed translucent gate.
 14254 | Lair:1   | Found a runed translucent gate.
 14254 | Lair:1   | Found a runed translucent gate.
 14255 | Lair:1   | Noticed a six-headed hydra
 14257 | Lair:1   | Noticed jejorda2's ghost (journeyman PaBe)
 14272 | Lair:1   | Reached XP level 12. HP: 100/100 MP: 15/15
 14612 | Lair:1   | Killed a three-headed hydra
 14624 | Lair:1   | Killed jejorda2's ghost
 15057 | Lair:2   | Noticed a seven-headed hydra
 15063 | Lair:2   | Killed a four-headed hydra
 15689 | Lair:3   | Noticed a four-headed hydra
 15697 | Lair:3   | Killed a one-headed hydra
 15701 | Lair:3   | Acquired the ring "Fazxef" {Fire Str+3 Dex+2}
 15828 | Lair:3   | Noticed a six-headed hydra
 15833 | Lair:3   | Killed a three-headed hydra
 15944 | Lair:3   | Noticed a seven-headed hydra
 15944 | Lair:3   | Noticed an eight-headed hydra
 15949 | Lair:3   | Killed a four-headed hydra
 15952 | Lair:3   | Killed a five-headed hydra
 16510 | Lair:4   | Noticed a seven-headed hydra
 16517 | Lair:4   | Killed a four-headed hydra
 16728 | Lair:4   | Found a hole to the Spider Nest.
 16756 | Lair:4   | Identified the +8 dagger of the Scorpion {flame, Str+3}
 16776 | Spider:1 | Entered Level 1 of the Spider Nest
 16832 | Spider:1 | Noticed an entropy weaver
 16846 | Spider:1 | Killed an entropy weaver
 16847 | Spider:1 | Reached XP level 13. HP: 97/107 MP: 16/16
 17582 | Spider:1 | Reached skill level 10 in Armour
 17629 | Spider:1 | Noticed an entropy weaver
 17795 | Spider:1 | Killed an entropy weaver
 18575 | Spider:1 | Noticed an entropy weaver
 18607 | Spider:1 | HP: 4/107 [entropy weaver (5)]
 19263 | Spider:1 | Killed an entropy weaver
 19482 | Spider:2 | Reached skill level 10 in Dodging
 19486 | Spider:2 | Killed a ghost moth
 19884 | Spider:2 | Noticed an entropy weaver
 19895 | Spider:2 | Killed an entropy weaver
 20337 | Spider:2 | Noticed a spark wasp
 20349 | Spider:2 | Killed a spark wasp
 20436 | Spider:2 | Noticed an entropy weaver
 20444 | Spider:2 | Killed an entropy weaver
 20445 | Spider:2 | Reached XP level 14. HP: 53/116 MP: 17/17
 20921 | Spider:2 | Found a transporter.
 20922 | Spider:2 | Found a transporter.
 21352 | Spider:2 | Got the +1 pair of boots "Lesargh" {rC- Str+9 Dex-2}
 21585 | Spider:3 | Noticed an emperor scorpion
 21853 | Spider:2 | Killed an emperor scorpion
 22265 | Spider:3 | Noticed Louise
 22582 | Spider:3 | Cast into level 2 of the Abyss (Louise)
 22939 | Abyss:2  | Noticed a tentacled starspawn
 22949 | Abyss:2  | Killed a tentacled starspawn
 23136 | Abyss:2  | Noticed a tentacled starspawn
 23139 | Abyss:2  | Killed a tentacled starspawn
 23140 | Abyss:2  | Reached skill level 1 in Throwing
 23450 | Abyss:2  | Noticed a tentacled starspawn
 23465 | Abyss:2  | Killed a tentacled starspawn
 23467 | Spider:3 | Escaped the Abyss
 23493 | Spider:3 | Killed Louise
 24499 | Spider:4 | Entered Level 4 of the Spider Nest
 25359 | Spider:4 | Noticed a ghost moth
 25368 | Spider:3 | Killed a ghost moth
 25608 | Spider:4 | Noticed a ghost moth
 25659 | Spider:4 | Killed a ghost moth
 25661 | Spider:4 | Reached XP level 15. HP: 114/124 MP: 1/18
 26745 | Spider:4 | Slain by a spark wasp

Illustrated notes

Levels and vault maps discovered:
D:1:      minmay_arrival_floating_metal, layout_loops_corners,
          shapermc_ecumenical_altar_mp_vishouse
D:2:      layout_loops_cross
D:3:      layout_basic, jmf_multi_god_temple2
D:4:      corexii_shack_village, layout_loops_ring, uniq_menkaure
D:5:      cheibrodos_iron_armory, layout_basic, grunt_temple_overflow_diamond,
          serial_shops, shop
D:6:      layout_rooms, mainiacjoe_overflow_chevrons, serial_shops,
          nicolae_shop_stone
D:7:      layout_gridville, minmay_temple_entry_drinking_statues, uniq_maggie
D:8:      layout_basic, grunt_ministairs_4
D:9:      layout_cave_pods, serial_bayou_lagoon_b
D:10:     layout_rooms, erik_orc_1, enter_bailey_2, minmay_misc_feat_x,
          uniq_erolcha
D:11:     layout_roguey, erik_lair_orcish_takeover, serial_shops, shop
Lair:1:   beast_lair_carwin_large_3, layout_concentric_octagons,
          gammafunk_ghost_split
Lair:2:   layout_loops_ring, beast_lair_carwin_5, lemuel_fruit_fields
Lair:3:   layout_long_grid, grunt_megastairs_3
Lair:4:   layout_misc_corridors, palyth_hydra_swamp_entry,
          spider_nest_entry_web_field
Spider:1: nicolae_spider_jumping_over_cracks [nicolae_spider_jumping_sub_empty,
          nicolae_spider_jumping_sub_lanes, nicolae_spider_jumping_sub_lanes,
          nicolae_spider_jumping_sub_rim]
Spider:2: gammafunk_boulding_lane
Spider:3: layout_spider_delve, uniq_louise
Spider:4: spider_rune_water, nicolae_spider_eight_legs

Skill      XL: |  1  2  3  4  5  6  7  8  9 10 11 12 13 14 15 |
---------------+----------------------------------------------+-----
Fighting       | 3 4 5 6 7 8 9 |  9.4
Long Blades    | 2 3 4 6 7 8 9 10 11 12 13 | 13.1
Shields        | 3 4 6 7 8 9 10 11 12 13 | 13.1
Armour         | 4 5 6 8 9 10 11 | 11.9
Dodging        | 2 4 6 7 9 10 11 | 11.6
Throwing       | 2 3 |  3.3

Action                   |  1- 3 |  4- 6 |  7- 9 | 10-12 | 13-15 || total
-------------------------+-------+-------+-------+-------+-------++-------
Melee: Long sword        |    67 |       |       |       |       ||    67
       Lajatang          |    29 |       |       |       |       ||    29
       Demon blade       |    12 |   111 |   233 |   614 |   820 ||  1790
Throw: Dart              |     2 |       |       |     3 |       ||     5
       Boomerang         |       |       |       |     6 |    36 ||    42
Evoke: Wand              |       |     2 |     3 |     3 |     2 ||    10
  Use: Scroll            |     2 |       |     8 |    13 |     7 ||    30
       Potion            |       |       |     2 |     4 |    11 ||    17
 Stab: Paralysed         |       |       |     2 |       |     1 ||     3
Armor: Scale mail        |    55 |    35 |    11 |       |       ||   101
       Chain mail        |       |       |    45 |       |       ||    45
       Plate armour      |       |       |    74 |   264 |   509 ||   847
Dodge: Dodged            |    56 |    29 |    56 |   199 |   415 ||   755
       Repelled          |       |       |       |       |     2 ||     2
Block: Buckler           |    15 |       |       |       |       ||    15
       Kite shield       |       |    33 |   173 |   450 |   670 ||  1326

Table legend: (Time is in decaauts)
 A = Elapsed time spent in this place.
 B = Non-inter-level travel time spent in this place.
 C = Inter-level travel time spent in this place.
 D = Time resting spent in this place.
 E = Time spent auto-exploring this place.
 F = Levels seen in this place.
 G = Mean time per level.
                   A        B        C        D        E       F      G
               +--------+--------+--------+--------+--------+-----+--------+
         Total |  26630 |  26010 |    620 |   5529 |  16119 |  21 | 1268.1 |
       Dungeon |  13040 |  12623 |    417 |    756 |   9737 |  11 | 1185.5 |
          Lair |   3190 |   3139 |     51 |      0 |   2677 |   4 |  797.5 |
   Spider Nest |   8933 |   8781 |    152 |   3925 |   3433 |   4 | 2233.2 |
         Abyss |    856 |    856 |      0 |    600 |      5 |   1 |  856.0 |
        Bailey |    609 |    609 |      0 |    247 |    267 |   1 |  609.0 |
               +--------+--------+--------+--------+--------+-----+--------+

Top non-repeatable levels by time:
Spider:1: 3323 daAuts
Spider:3: 2883 daAuts
Spider:2: 2158 daAuts
     D:9: 1798 daAuts
     D:7: 1499 daAuts
     D:1: 1480 daAuts
     D:4: 1447 daAuts
     D:8: 1441 daAuts
    D:10: 1335 daAuts
  Lair:1: 1207 daAuts
  Lair:2: 910 daAuts
     D:6: 899 daAuts
     D:5: 863 daAuts
 Abyss:2: 856 daAuts
     D:2: 823 daAuts
